AoeStats
← Gjallarhorn

Acropolis

503585321Analyzed
1v1 RM · 1mo ago on Sep 1, 2026· 46m 37s· 2 players
Game mode
Random Map
Map size
Tiny (2 player)
Population
200
Speed
Normal
Resources
Standard
Victory
Conquest
Starting age
Dark Age
Ending age
Imperial Age
RankedLock teamsTeams togetherTeam positionsShared explorationLock speedFull tech treeHidden civsTurbo modeCheats
Victory
Defeat
🇩🇪 Vikings · Germany
729
+19
🇹🇼 Franks · Taiwan
792
-19
Gjallarhorn
4:54 Loom
9:54 Feudal Age
12:51 Double-Bit Axe
20:48 Fletching
23:54 Castle Age
22:59 Gold Mining
26:12 Town Watch
26:25 Crossbowman
27:09 Scale Mail Armor
28:46 Forging
29:16 Squires
29:53 Pikeman
32:12 Bodkin Arrow
33:52 Arson
35:48 Stone Mining
35:42 Horse Collar
37:20 Iron Casting
38:04 Town Patrol
39:22 Padded Archer Armor
40:52 Murder Holes
41:51 Bow Saw
43:26 Ballistics
45:48 Leather Archer Armor
Alaulan
1:13 Loom
13:13 Feudal Age
14:55 Wheelbarrow
17:56 Castle Age
16:05 Double-Bit Axe
Connection lost

Rejoining the realm…

Still unreachable

The connection could not be restored.

Session expired

The server has moved on; the page needs a fresh start.